 Dungeon Crawl Stone Soup version bcrawl-1.36.4 (webtiles) character file.

Game seed: 16207628878845166875

486449 XxPooperXx the Executioner (level 14, -1/111 HPs)
             Began as a Minotaur Berserker on July 30, 2022.
             Was a High Priest of Trog.
             Slain by a vampire mosquito (5 damage)
             ... on level 1 of the Swamp.
             The game lasted 00:44:02 (18408 turns).

XxPooperXx the Executioner (Minotaur Berserker)    Turns: 18408, Time: 00:44:03

Health: -1/111     AC: 21    Str: 26    XL:     14   Next: 38%
Magic:  13/13      EV: 17    Int:  4    God:    Trog [*****.]
Gold:   1309       SH:  0    Dex: 11    Spells: 13/13 levels left

rFire    x . .     SeeInvis .   b - +0 falchion (flame)
rCold    + + +     Gourm    .   (no shield)
rNeg     . . .     Faith    .   t - +1 ice dragon scales
rPois    +         Spirit   .   (helmet restricted)
rElec    .         Reflect  .   T - +0 cloak
rCorr    +                      d - +2 pair of gloves
MR       +....                  E - +0 pair of boots
Stlth    ..........             R - amulet of the acrobat
HPRegen  1.98/turn              X - ring of poison resistance
MPRegen  0.13/turn              l - ring of resist corrosion

@: exhausted, regenerating, studying Crossbows
A: retaliatory headbutt, horns 2, talons 1, repulsion field 1, blink, cold
resistance 1
a: Blink, Berserk, Trog's Hand, Brothers in Arms, Renounce Religion


You were on level 1 of the Swamp.
You worshipped Trog.
Trog was extremely pleased with you.
You were hungry.

You visited 4 branches of the dungeon, and saw 19 of its levels.
You also visited: Sewer, Bailey and Ice Cave.

You collected 1766 gold pieces.
You spent 457 gold pieces at shops.

Inventory:

Hand Weapons
 a - a +5 executioner's axe of chopping
 b - a +0 falchion of flaming (weapon)
 F - a +1 war axe
Missiles
 m - 269 poisoned tomahawks (quivered)
Armour
 d - a +2 pair of gloves (worn)
 t - +1 ice dragon scales (worn)
 E - a +0 pair of boots (worn)
 O - a +0 plate armour of cold resistance
 T - a +0 cloak (worn)
Jewellery
 k - an uncursed ring of protection from fire {unknown}
 l - a ring of resist corrosion (right hand)
 p - a cursed ring of teleportation {unknown}
 G - the cursed ring "Linainte" {rC+ Stlth--, unknown}
   (You found it in an ice cave)

   [ring of attention]

   It protects you from cold.
   It makes you much less stealthy.
   It has a curse placed upon it.
 I - a cursed -3 ring of strength
 K - an uncursed ring of see invisible {unknown}
 R - an amulet of the acrobat (around neck)
 S - an uncursed ring of insulation
 V - an uncursed amulet of regeneration {unknown}
 X - a ring of poison resistance (left hand)
 Z - an uncursed ring of wizardry
Wands
 n - a wand of acid (5)
 s - a wand of flame (42)
 v - a wand of charming (10)
 C - a wand of disintegration (23)
 H - a wand of iceblast (4)
 N - a wand of clouds (2)
Scrolls
 f - 3 scrolls of immolation
 g - 6 scrolls of teleportation
 i - 13 scrolls of identify
 o - 8 scrolls of remove curse
 q - 2 scrolls of magic mapping
 r - a scroll of amnesia
 B - 3 scrolls of fear
 D - 4 scrolls of enchant armour
 J - a scroll of summoning
 M - a scroll of enchant weapon
 Q - 2 scrolls of blinking {unknown}
 W - a scroll of noise {unknown}
Potions
 c - 7 potions of curing
 h - a potion of cancellation
 x - a potion of ambrosia {unknown}
 z - 2 potions of brilliance {unknown}
 A - a potion of berserk rage {unknown}
 L - 7 potions of might
 P - a potion of magic
 U - a potion of resistance {unknown}
 Y - a potion of agility
Comestibles
 e - 31 rations {!d}
 j - 5 chunks of flesh


   Skills:
 - Level 6.4 Fighting
 * Level 21.7 Axes
 - Level 12.8 Throwing
 * Level 11.8 Armour
 - Level 12.1 Dodging


You had 13 spell levels left.
You didn't know any spells.
Your spell library was empty.

Dungeon Overview and Level Annotations

Branches:
Dungeon (12/12)            Temple (1/1) D:5            Lair (5/6) D:9
  Swamp (1/3) Lair:3        Snake (0/3) Lair:3          Orc (0/1) D:9
 Vaults (0/3) D:12
 Shoals: Lair:2-4    Spider: Lair:2-4     Slime: Lair:5-6    Depths: D:12

Altars:
Ashenzari
Cheibriados
Dithmenos
Elyvilon
Fedhas
Gozag
Hepliaklqana
Lugonu
Makhleb
Nemelex Xobeh
Okawaru
Qazlal
Ru
Sif Muna
Trog
Uskayaw
Vehumet
Wu Jian
Xom
Yredelemnul
Zin
The Shining One

Shops:
D:4 *   D:7 [   D:8 }   D:11 !

Annotations:
D:4 1 runed door
D:9 exclusion: upstairs
Lair:4 exclusion: 5 oklob plants


Innate Abilities, Weirdness & Mutations

You reflexively headbutt those who attack you in melee.
You have a pair of horns on your head.
You have sharp toenails.
You are surrounded by a mild repulsion field. (EV +2)
You can translocate small distances at will.
Your flesh is cold resistant. (rC+)


Message History

The seven-headed hydra barely misses you. x2
The seven-headed hydra bites you but does no damage. x2
Your alligator puts on a burst of speed!
Your alligator bites the bog body!!
Your alligator barely misses the bog body.
Your alligator barely misses the seven-headed hydra.
Your alligator tail-slaps the seven-headed hydra.
As you read the scroll labeled ERYLLO TASM, it crumbles to dust.
The scroll dissolves into smoke.
It was a scroll of fog.
The vampire mosquito misses you.
Your alligator puts on a burst of speed!
Your alligator barely misses the vampire mosquito.
Your alligator tail-slaps the vampire mosquito.
Your alligator puts on a burst of speed!
The seven-headed hydra closely misses you.
You furiously retaliate!
You headbutt the seven-headed hydra!
You kill the seven-headed hydra!
Trog accepts your kill. The vampire mosquito bites you.
You die...

...^....≈≈)♣♣♣
♣♣♣≈≈≈≈≈
.....≈≈≈≈≈.♣
♣♣.≈≈≈
≈...≈.≈≈≈≈≈♣
♣.≈≈≈
.≈...≈≈≈≈♣
♣♣.≈≈
♣.t..≈≈.♣ ♣♣.≈
♣♣...≈≈.♣ ♣≈..
♣♣tn§≈.♣ ♣...
♣§y§t.♣♣ ♣♣
♣♣@§t♣♣ ♣♣♣♣♣


You could see a bog body, a vampire mosquito and 3 friendly alligators.

Vanquished Creatures
  2 hydras
  A rakshasa (D:11)
  Harold (Lair:1)
  2 ice dragons (IceCv)
  An ogre mage (D:12)
  5 two-headed ogres
  Psyche (D:8)
  2 dancing weapons (D:12)
  A goliath frog (Swamp:1)
  5 skeletal warriors (D:12)
  5 centaur warriors
  A wolf spider zombie (D:11)
  2 cyclopes
  A wolf spider (D:11)
  3 orc knights
  2 deep elf magi (D:12)
  A manticore (D:12)
  An ugly thing (D:10)
  Joseph (Lair:1)
  2 black mambas (Lair:3)
  8 cane toads
  A gargoyle (D:11)
  2 ice statues (IceCv)
  A kobold demonologist (D:12)
  2 rime drakes (IceCv)
  3 komodo dragons
  2 ice devils (Lair:3)
  5 trolls
  5 hornets (Swamp:1)
  3 tyrant leeches (Swamp:1)
  2 harpy skeletons
  5 hippogriffs
  8 slime creatures
  18 blink frogs
  A dream sheep (Lair:5)
  A shadow (D:10)
  Grum (Lair:1)
  9 spriggans
  2 wraiths (D:11)
  4 wyverns
  11 yaks
  3 basilisks
  A vampire (D:12)
  10 vampire mosquitoes
  Eustachio (D:4)
  10 water moccasins
  An acid dragon (Lair:4)
  3 swamp worms (Lair:3)
  Duvessa (D:4)
  5 crocodiles
  A swamp drake (D:9)
  5 porcupines
  A soldier ant (D:10)
  15 ice beasts
  A hornet zombie (D:12)
  4 orc warriors
  5 phantoms
  A black bear (Lair:3)
  2 sky beasts
  6 ogres
  14 wolves
  2 kobold brigands
  4 bullfrogs
  13 centaurs
  5 scorpions
  A water moccasin skeleton (D:8)
  6 killer bees (D:8)
  5 wights (D:8)
  5 electric eels
  2 vampire bats (Lair:2)
  5 orc priests
  3 howler monkeys
  3 crimson imps
  A bullfrog zombie (D:7)
  A quasit (D:8)
  4 hounds
  4 jellies
  A bullfrog skeleton (D:5)
  11 orc wizards
  5 iguanas
  5 worker ants
  2 hound zombies
  Robin (D:3)
  A worker ant zombie (D:7)
  9 gnolls
  2 howler monkey skeletons (D:6)
  13 adders
  3 shadow imps
  13 oozes (Sewer)
  3 adder skeletons
  2 worms
  2 dart slugs
  16 leopard geckos
  42 orcs
  9 ball pythons (Sewer)
  6 bats
  12 giant cockroaches
  17 goblins
  13 hobgoblins
  18 kobolds
  7 quokkas
  18 frilled lizards
  8 rats
  2 fungi
  8 plants
537 creatures vanquished.

Vanquished Creatures (collateral kills)
  A hydra (Swamp:1)
  2 orc knights (Bailey)
  7 orc warriors (Bailey)
  17 orcs (Bailey)
27 creatures vanquished.

Vanquished Creatures (others)
  14 plants (D:11)
14 creatures vanquished.

Grand Total: 578 creatures vanquished

Notes
Turn   | Place    | Note
-------+----------+-------------------------------------------
     0 | D:1      | XxPooperXx the Minotaur Berserker began the quest for the
                  | Orb.
     0 | D:1      | Reached XP level 1. HP: 19/19 MP: 0/0
   121 | D:1      | Reached skill level 4 in Axes
   121 | D:1      | Reached XP level 2. HP: 20/27 MP: 1/1
   849 | D:2      | Reached XP level 3. HP: 31/33 MP: 2/2
   884 | D:2      | Reached ** piety under Trog
   886 | D:2      | Reached XP level 4. HP: 30/41 MP: 3/3
   927 | D:2      | Found a faded altar of an unknown god.
  1810 | D:3      | Reached skill level 5 in Axes
  1870 | D:3      | Noticed Robin
  1889 | D:4      | Reached XP level 5. HP: 14/47 MP: 4/4
  1893 | D:4      | Reached skill level 5 in Fighting
  1953 | D:3      | Reached skill level 6 in Axes
  1981 | D:3      | Found a blossoming altar of Fedhas.
  1997 | D:3      | Reached XP level 6. HP: 38/56 MP: 5/5
  2116 | D:3      | Found a glowing drain.
  2133 | Sewer    | Entered a sewer
  2239 | Sewer    | Reached *** piety under Trog
  2404 | Sewer    | Reached **** piety under Trog
  2424 | Sewer    | Reached skill level 7 in Axes
  2505 | Sewer    | Reached XP level 7. HP: 62/62 MP: 6/6
  2630 | D:3      | Killed Robin
  2818 | D:3      | Found a hide-covered altar of Uskayaw.
  2859 | D:4      | Noticed Eustachio
  2866 | D:4      | Killed Eustachio
  2867 | D:4      | Reached skill level 8 in Axes
  2922 | D:4      | Reached skill level 5 in Dodging
  3059 | D:4      | Reached skill level 1 in Throwing
  3128 | D:4      | Reached XP level 8. HP: 71/71 MP: 7/7
  3195 | D:4      | Noticed Duvessa
  3219 | D:4      | Killed Duvessa
  3271 | D:4      | Found a runed door.
  3328 | D:4      | Reached skill level 9 in Axes
  3480 | D:4      | Found Xegilal's Assorted Antiques.
  3500 | D:4      | Bought a scroll labeled VETUYR IMAEKH for 22 gold pieces
  3500 | D:4      | Bought a purple potion for 19 gold pieces
  3500 | D:4      | Bought a scroll labeled QYJAGRA OCOSAUDGH for 22 gold
                  | pieces
  3500 | D:4      | Bought a scroll labeled QYJAGRA OCOSAUDGH for 22 gold
                  | pieces
  3500 | D:4      | Bought a scroll labeled QYJAGRA OCOSAUDGH for 22 gold
                  | pieces
  3545 | D:4      | Found a corrupted altar of Lugonu.
  3580 | D:4      | Reached ***** piety under Trog
  3823 | D:5      | Entered Level 5 of the Dungeon
  4060 | D:5      | Found a staircase to the Ecumenical Temple.
  4386 | D:5      | Reached skill level 10 in Axes
  4500 | D:5      | Found a bloodstained altar of Trog.
  4590 | D:5      | Found a shimmering blue altar of Sif Muna.
  5094 | D:6      | Reached skill level 5 in Throwing
  5599 | D:7      | Reached XP level 9. HP: 38/78 MP: 8/8
  5672 | D:7      | Found Luef's Antique Armour Shoppe.
  5676 | D:7      | Bought a pair of boots for 112 gold pieces
  5697 | D:8      | Found Xiademn's Gadget Shoppe.
  5722 | D:7      | Noticed a troll
  5727 | D:7      | Killed a troll
  5728 | D:7      | Reached skill level 11 in Axes
  5851 | D:7      | Found a flagged portal.
  5875 | Bailey   | Entered a bailey
  5913 | Bailey   | Received a gift from Trog
  6094 | Bailey   | Noticed an orc knight
  6109 | Bailey   | Killed an orc knight
  6110 | Bailey   | Reached skill level 12 in Axes
  6181 | Bailey   | Noticed an orc knight
  6181 | Bailey   | Noticed an orc knight
  6196 | Bailey   | Noticed an orc knight
  6197 | Bailey   | Killed an orc knight
  6198 | Bailey   | Reached XP level 10. HP: 51/84 MP: 9/9
  6202 | Bailey   | Killed an orc knight
  6207 | Bailey   | Killed an orc knight
  6776 | D:7      | Reached skill level 13 in Axes
  6805 | D:7      | Found an opulent altar of Gozag.
  7012 | D:8      | Noticed Psyche
  7050 | D:8      | Noticed a two-headed ogre
  7090 | D:8      | Killed a two-headed ogre
  7227 | D:8      | Killed Psyche
  7228 | D:8      | Reached skill level 14 in Axes
  7228 | D:8      | Reached skill level 10 in Throwing
  7333 | D:8      | Reached XP level 11. HP: 81/91 MP: 10/10
  7684 | D:9      | Noticed an orc knight
  7685 | D:9      | Found a staircase to the Orcish Mines.
  7685 | D:9      | Noticed an orc knight
  7685 | D:9      | Noticed an orc knight
  7685 | D:9      | Noticed an orc knight
  8016 | D:9      | Found a staircase to the Lair.
  8233 | Lair:1   | Entered Level 1 of the Lair of Beasts
  8803 | Lair:1   | Noticed Harold
  8806 | Lair:1   | Noticed Grum
  8822 | Lair:2   | Reached skill level 10 in Dodging
  8852 | Lair:1   | Killed Harold
  8981 | Lair:1   | Noticed Joseph
  9000 | Lair:1   | Killed Joseph
  9001 | Lair:1   | Reached skill level 15 in Axes
  9373 | Lair:1   | Killed Grum
 10618 | Lair:3   | Found a frozen archway.
 10723 | IceCv    | Entered an ice cave
 10766 | IceCv    | Reached XP level 12. HP: 85/97 MP: 11/11
 10778 | IceCv    | Reached skill level 16 in Axes
 11133 | IceCv    | Noticed an ice dragon
 11137 | IceCv    | Noticed an ice dragon
 11148 | IceCv    | Killed an ice dragon
 11153 | IceCv    | Killed an ice dragon
 11353 | IceCv    | Got a smoking steel ring
 11365 | IceCv    | Gained mutation: You have large cloven feet. [potion of
                  | mutation]
 11365 | IceCv    | Gained mutation: You possess an exceptional clarity of
                  | mind. [potion of mutation]
 11521 | IceCv    | Identified the +8 executioner's axe "Tain" {protect, rElec
                  | MR+ Int-4} (You acquired it in an ice cave)
 11521 | IceCv    | Identified the +1 crystal plate armour of Recklessness
                  | {+Inv Slay-4 SInv Stlth+} (You acquired it in an ice cave)
 11887 | Lair:4   | Reached skill level 17 in Axes
 12431 | Lair:4   | Noticed a six-headed hydra
 12719 | Lair:3   | Reached skill level 18 in Axes
 12724 | Lair:3   | Found a staircase to the Snake Pit.
 13254 | Lair:3   | Found a staircase to the Swamp.
 13364 | Swamp:1  | Entered Level 1 of the Swamp
 13415 | Swamp:1  | Reached skill level 19 in Axes
 13535 | Swamp:1  | Noticed an eight-headed hydra
 13565 | Swamp:1  | Killed an eight-headed hydra
 13894 | Temple   | Entered the Ecumenical Temple
 14176 | D:9      | Reached XP level 13. HP: 83/103 MP: 12/12
 14543 | D:10     | Entered Level 10 of the Dungeon
 14589 | D:10     | Reached skill level 5 in Armour
 15548 | D:10     | Reached skill level 20 in Axes
 16048 | D:12     | Entered Level 12 of the Dungeon
 16200 | D:12     | Reached ****** piety under Trog
 16524 | D:11     | Reached skill level 21 in Axes
 16653 | D:11     | Found Ruwipitano's Distillery.
 16662 | D:11     | Bought a potion of haste for 170 gold pieces
 16662 | D:11     | Bought a potion of flight for 68 gold pieces
 16768 | D:11     | Found a shattered altar of Ashenzari.
 16865 | D:11     | Reached skill level 10 in Armour
 17181 | D:12     | Received a gift from Trog
 17192 | D:12     | Reached XP level 14. HP: 84/111 MP: 13/13
 17302 | D:12     | Lost mutation: You have large cloven feet. [potion of
                  | mutation]
 17302 | D:12     | Lost mutation: You possess an exceptional clarity of mind.
                  | [potion of mutation]
 17302 | D:12     | Gained mutation: Your muscles are strong. (Str +2) [potion
                  | of mutation]
 17302 | D:12     | Gained mutation: Your flesh is heat resistant. (rF+)
                  | [potion of mutation]
 17303 | D:12     | Lost mutation: Your flesh is heat resistant. (rF+) [potion
                  | of mutation]
 17303 | D:12     | Lost mutation: Your muscles are strong. (Str +2) [potion of
                  | mutation]
 17303 | D:12     | Gained mutation: Your muscles are strong. (Str +2) [potion
                  | of mutation]
 17303 | D:12     | Gained mutation: You are somewhat resistant to further
                  | mutation. [potion of mutation]
 17304 | D:12     | Lost mutation: Your muscles are strong. (Str +2) [potion of
                  | mutation]
 17304 | D:12     | Lost mutation: You are somewhat resistant to further
                  | mutation. [potion of mutation]
 17304 | D:12     | Gained mutation: You have sharp toenails. [potion of
                  | mutation]
 17304 | D:12     | Gained mutation: You can translocate small distances at
                  | will. [potion of mutation]
 17304 | D:12     | Gained mutation: You are surrounded by a mild repulsion
                  | field. (EV +2) [potion of mutation]
 17304 | D:12     | Gained mutation: Your flesh is cold resistant. (rC+)
                  | [potion of mutation]
 17327 | D:12     | Found a gate to the Vaults.
 18399 | Swamp:1  | HP: 4/111 [seven-headed hydra (6)]
 18407 | Swamp:1  | HP: 5/111 [/a scroll of torment (3)]
 18407 | Swamp:1  | HP: 2/111 [seven-headed hydra (5)]
 18408 | Swamp:1  | Slain by a vampire mosquito

Skill      XL: |  1  2  3  4  5  6  7  8  9 10 11 12 13 14 |
---------------+-------------------------------------------+-----
Fighting       | 4 5 6 |  6.4
Axes           | 4 5 6 7 8 10 12 14 15 19 21 | 21.7
Dodging        | 3 4 5 6 8 9 10 12 | 12.1
Throwing       | 1 5 8 10 12 | 12.8
Armour         | 4 10 11 | 11.8

Action                   |  1- 3 |  4- 6 |  7- 9 | 10-12 | 13-15 || total
-------------------------+-------+-------+-------+-------+-------++-------
Melee: Hand axe          |    59 |   217 |   256 |   261 |       ||   793
       Headbutt          |     9 |    32 |    67 |   107 |    63 ||   278
       War axe           |       |       |    32 |   207 |       ||   239
       Executioner's axe |       |       |       |   124 |   327 ||   451
       Falchion          |       |       |       |       |    14 ||    14
Throw: Tomahawk          |       |       |       |       |    19 ||    19
Invok: Berserk           |       |     3 |     4 |    10 |     4 ||    21
       Trog's Hand       |       |     1 |     3 |    10 |     1 ||    15
       Brothers in Arms  |       |       |     4 |     4 |     1 ||     9
 Abil: Blink             |       |       |       |       |     1 ||     1
Evoke: Wand              |       |       |       |     7 |     4 ||    11
  Use: Scroll            |       |     2 |     5 |    11 |     4 ||    22
       Potion            |       |       |     1 |    12 |     4 ||    17
  Eat: Chunk             |     1 |    14 |    18 |    40 |    22 ||    95
       Ration            |       |       |     1 |     2 |     1 ||     4
Armor: Animal skin       |     2 |       |       |       |       ||     2
       Chain mail        |    14 |   143 |   135 |   116 |       ||   408
       Skin              |       |       |       |     3 |       ||     3
       Plate armour      |       |       |       |   112 |       ||   112
       Ice dragon scales |       |       |       |    55 |   191 ||   246
Dodge: Dodged            |    32 |   133 |   138 |   358 |   359 ||  1020
